 Dungeon Crawl Stone Soup version 0.31-a0-1-g4198be8af4 (webtiles) character file.

Game seed: 15555449389367097711

248 Jeffwins the Shield-Bearer (level 6, -9/43 HPs)
             Began as a Human Wanderer on Apr 30, 2023.
             Was a Follower of Vehumet.
             Mangled by an ogre
             ... wielding a +0 giant club
              (32 damage)
             ... on level 4 of the Dungeon.
             The game lasted 00:04:20 (2867 turns).

Jeffwins the Shield-Bearer (Human Wanderer)         Turns: 2867, Time: 00:04:21

Health: -9/43      AC:  3    Str: 10    XL:     6   Next: 34%
Magic:  9/9        EV: 11    Int: 16    God:    Vehumet [*.....]
Gold:   111        SH:  7    Dex: 13    Spells: 5/9 levels left

rFire   + . .        m - +2 dagger (drain)
rCold   x . .        e - +2 buckler
rNeg    . . .        d - +0 robe
rPois   .            (no helmet)
rElec   .            b - +0 cloak
rCorr   .            (no gloves)
SInv    .            (no boots)
Will    .....        (no amulet)
Stlth   ++           F - ring of fire
HPRegen 0.27/turn    (no ring)
MPRegen 0.11/turn

%: no passive effects
@: about to teleport
A: no striking features
a: Renounce Religion


You were on level 4 of the Dungeon.
You worshipped Vehumet.
Vehumet was aware of your devotion.
You visited 1 branch of the dungeon, and saw 4 of its levels.

You collected 111 gold pieces.


   Skills:
 - Level 1.0 Fighting
 * Level 1.8 Short Blades
 - Level 1.0 Throwing
 - Level 2.0 Dodging
 + Level 1.6 Stealth
 + Level 3.4 Shields
 * Level 2.1 Spellcasting
 * Level 2.1 Conjurations
 * Level 2.3 Fire Magic
 * Level 1.5 Ice Magic
 * Level 1.3 Earth Magic
 - Level 1.0 Evocations


You had 5 spell levels left.
You knew the following spells:

 Your Spells              Type           Power      Damage    Failure   Level
x - Stone Arrow           Conj/Erth      14%        3d7       41%         3
z - Foxfire               Conj/Fire      52%        2x1d6     12%         1

Your spell library contained the following spells:

 Spells                   Type           Power      Damage    Failure   Level
 Magic Dart               Conj           32%        1d4       12%         1
 Sandblast                Erth           12%        2d6       17%         1
 Passwall                 Tmut/Erth      2%         N/A       34%         2
 Cigotuvi's Dreadful Rot  Necr/Pois/Air  2%         N/A       41%         2
 Ozocubu's Armour         Ice            6%         N/A       43%         3
 Dazzling Flash           Conj/Hex       10%        N/A       50%         3
 Volatile Blastmotes      Fire/Tloc      16%        2d11      50%         3
 Iskenderun's Mystic Bla  Conj/Tloc      5%         2d3       88%         4
 Dispel Undead            Necr           1%         3d6       96%         4
 Agony                    Necr           1%         N/A       100%        5
 Silence                  Hex/Air        0%         N/A       100%        5
 Death Channel            Necr           0%         N/A       100%        6
 Starburst                Conj/Fire      6%         6d4       100%        6
 Ozocubu's Refrigeration  Ice            3%         4d8       100%        7
 Chain Lightning          Conj/Air       2%         3d3       100%        9
 Fire Storm               Conj/Fire      6%         8d2       100%        9
 Shatter                  Erth           3%         3d7*      100%        9

Inventory:

Hand Weapons
 a - a +0 dagger
 m - a +2 dagger of draining (weapon)
 s - a +1 short sword of speed
Missiles
 f - 4 poisoned darts
Armour
 b - a +0 cloak (worn)
 d - a +0 robe (worn)
 e - a +2 buckler (worn)
Jewellery
 F - a ring of fire (left hand)
Wands
 t - a wand of charming (6)
Scrolls
 c - a scroll of teleportation {@r4}
 i - 5 scrolls of identify {unknown}
 k - 4 scrolls of magic mapping {unknown}
 l - 3 scrolls of amnesia {unknown}
 o - 2 scrolls of vulnerability {unknown}
 r - a scroll of torment {unknown}
Potions
 g - a potion of cancellation {unknown}
 j - a potion of flight {unknown}
 u - a potion of might {unknown}
 v - a potion of ambrosia {unknown}

Dungeon Overview and Level Annotations

Branches:
Dungeon (4/15)
 Temple: D:4-7

Altars:
Vehumet
Yredelemnul

Annotations:
D:4 3 runed translucent doors, mandoloar's ghost, amateur OpTm

##### #...#
#.#.#
#.#.#########
#.#.....O....
#O###'######
#.@#▒.▒▒▒▒
####▒..).▒▒▒
..# ######
▒▒▒▒.▒.▒▒ ..#
#....#
▒W.+....▒ ..#
#####....#
▒$.+..⚑.▒ ..#
#........#
▒!.+....▒ ..#
#........#
▒▒▒▒.▒.▒▒ ..#
#†)......#
▒....▒▒▒ ..#
#......###
▒.▒▒▒▒ ####


You could see an ogre.


Message History

Here: mandoloar's ghost (fire blocked by a runed translucent door)
The floor.
You see here a +0 sling.
You open the door.
Mandoloar's ghost whispers, "Trust me.
Just give in."
An ogre comes into view. It is wielding a +0 giant club.
There is an open door here.
An ogre is nearby!
The ogre shouts!
An endoplasm comes into view.
The endoplasm quivers.
The endoplasm hits you.
You hit the endoplasm. You drain the endoplasm.
The endoplasm is severely wounded.
You block the endoplasm's attack.
You hit the endoplasm.
You kill the endoplasm!
Vehumet accepts your kill.
As you read the scroll of teleportation {@r4}, it crumbles to dust.
You feel strangely unstable.
You hit the ogre.
The ogre is lightly wounded.
The ogre hits you with a +0 giant club!!
You barely miss the ogre.
The ogre is lightly wounded.
You hit the ogre.
The ogre is lightly wounded.
The ogre hits you with a +0 giant club!!
Ouch! That really hurt!
You die...

Skill      XL: |  1  2  3  4  5 |
---------------+----------------+-----
Conjurations   | 1 2 |  2.1
Stealth        | 1 |  1.6
Short Blades   | 1 |  1.8
Ice Magic      | 1 |  1.5
Fire Magic     | 2 |  2.3
Spellcasting   | 2 |  2.1
Earth Magic    | 1 |  1.3
Fighting       | |  1.0
Throwing       | |  1.0
Dodging        | |  2.0
Shields        | |  3.4
Evocations     | |  1.0

Action                     |  1- 3 |  4- 6 || total
---------------------------+-------+-------++-------
  Melee: Dagger            |    84 |    97 ||   181
   Cast: Foxfire           |     8 |    29 ||    37
    Use: Potion            |       |     7 ||     7
         Scroll            |       |     2 ||     2
   Stab: Sleeping          |     1 |     2 ||     3
         Invisible         |       |     2 ||     2
 Armour: Robe              |    12 |    21 ||    33
         Skin              |       |    74 ||    74
  Dodge: Dodged            |    27 |    66 ||    93
  Block: Buckler           |    30 |    49 ||    79

Levels and vault maps discovered:
D:1:      denvon_arrival_hothouse, layout_basic
D:2:      layout_loops_cross
D:3:      layout_loops_cross, nicolae_vehumet_radiance,
          minmay_increasing_density
D:4:      layout_basic, nicolae_yredelemnul_ghost_church

Notes
Turn   | Place    | Note
-------+----------+-------------------------------------------
     0 | D:1      | Jeffwins the Human Wanderer began the quest for the Orb.
     0 | D:1      | Jeffwins set off with the following items: a +0 dagger, a
                  | +0 cloak, a scroll of teleportation {@r4}, a +0 robe, a +2
                  | buckler; and the following spell memorised: Foxfire; and
                  | the following spells available to memorise: Volatile
                  | Blastmotes.
     0 | D:1      | Reached XP level 1. HP: 15/15 MP: 2/2
   162 | D:1      | Reached XP level 2. HP: 16/21 MP: 0/3
   905 | D:2      | Reached XP level 3. HP: 21/26 MP: 5/5
   951 | D:2      | Reached skill level 1 in Conjurations
  1472 | D:3      | Found a radiant altar of Vehumet.
  1483 | D:3      | Became a worshipper of Vehumet
  1739 | D:3      | Reached skill level 1 in Stealth
  1739 | D:3      | Reached XP level 4. HP: 32/32 MP: 6/6
  1743 | D:3      | Learned a level 3 spell: Stone Arrow
  1791 | D:3      | Reached skill level 1 in Short Blades
  1867 | D:3      | Reached skill level 1 in Ice Magic
  1942 | D:3      | Reached skill level 2 in Fire Magic
  1969 | D:3      | Reached XP level 5. HP: 25/37 MP: 1/7
  2404 | D:3      | Reached * piety under Vehumet
  2404 | D:3      | Offered knowledge of Magic Dart by Vehumet.
  2647 | D:4      | Noticed a black bear
  2660 | D:4      | Killed a black bear
  2661 | D:4      | Reached skill level 2 in Spellcasting
  2661 | D:4      | Reached skill level 2 in Conjurations
  2661 | D:4      | Reached skill level 1 in Earth Magic
  2661 | D:4      | Reached XP level 6. HP: 24/43 MP: 0/9
  2744 | D:4      | Found a runed translucent gate.
  2744 | D:4      | Found a runed translucent gate.
  2744 | D:4      | Found a runed translucent gate.
  2744 | D:4      | Noticed mandoloar's ghost (amateur OpTm)
  2746 | D:4      | Found a basalt altar of Yredelemnul.
  2851 | D:4      | Noticed an ogre
  2867 | D:4      | Mangled by an ogre

Vanquished Creatures
  A black bear (D:4)
  A scorpion zombie (D:4)
  A gnoll (D:3)
  6 adders
  A worm (D:3)
  7 orcs
  7 endoplasms
  A giant cockroach (D:3)
  5 goblins
  5 hobgoblins
  3 quokkas
  2 ball pythons
  5 bats
  3 frilled lizards
  7 kobolds
  A quokka zombie (D:4)
  A rat (D:3)
57 creatures vanquished.

Vanquished Creatures (others)
  65 foxfires
65 creatures vanquished.

Grand Total: 122 creatures vanquished

Table legend: (Time is in decaauts)
 A = Elapsed time spent in this place.
 B = Non-inter-level travel time spent in this place.
 C = Inter-level travel time spent in this place.
 D = Time resting spent in this place.
 E = Time spent auto-exploring this place.
 F = Levels seen in this place.
 G = Mean time per level.
                   A        B        C        D        E       F      G
               +--------+--------+--------+--------+--------+-----+--------+
         Total |   2866 |   2782 |     84 |    143 |   2123 |   4 |  716.5 |
       Dungeon |   2866 |   2782 |     84 |    143 |   2123 |   4 |  716.5 |
               +--------+--------+--------+--------+--------+-----+--------+

Top non-repeatable levels by time:
     D:3: 1052 daAuts
     D:1: 763 daAuts
     D:2: 646 daAuts
     D:4: 403 daAuts

Table legend:
 A = Non-vault XP
 B = Vault XP
 C = Vault XP percentage of total XP
 D = Non-vault monster count
 E = Vault monster count
 F = Vault count percentage of total count
                 A         B        C        D         E       F
            +---------+---------+-------+---------+---------+-------
      Total |     256 |      99 |  27.9 |      46 |      11 |  19.3
            +---------+---------+-------+---------+---------+-------
        D:1 |      22 |       0 |   0.0 |      14 |       0 |   0.0
        D:2 |      22 |       0 |   0.0 |       7 |       0 |   0.0
        D:3 |      60 |      62 |  50.8 |      17 |       9 |  34.6
        D:4 |     152 |      37 |  19.6 |       8 |       2 |  20.0
            +---------+---------+-------+---------+---------+-------
